TOP OF THE 1ST |
Joplin Blasters batting - Pitching for Colorado Avalanche : RHP Zach Sommer
|
Pitching: RHP Zach Sommer
|
|
Batting: RHB Dave Saldana
|
0-0: Ground out 4-3 (Groundball, 4D, EV 100.6 MPH)
|
Batting: RHB Matt Belgard
|
0-0: Ball 1-0: Ball 2-0: Ball 3-0: Called Strike 3-1: Swinging Strike 3-2: Base on Balls
|
Batting: LHB David Bearden
|
0-0: Ball 1-0: Foul Ball, location: 2F 1-1: Called Strike 1-2: Ball 2-2: Strikes out swinging
|
Batting: LHB Joe Cozart
|
0-0: Ball 1-0: Ball 2-0: Foul Ball, location: 2F 2-1: Foul Ball, location: 2F 2-2: Ball 3-2: Foul Ball, location: 2F 3-2: Foul Ball, location: 2F 3-2: SINGLE (Line Drive, 8RS, EV 106.9 MPH) Matt Belgard to second Matt Belgard to third
|
Batting: SHB Sean Hill
|
0-0: Fly out, F7 (Flyball, 7, EV 92.5 MPH)
|
Top of the 1st over - 0 runs, 1 hit, 0 errors, 2 left on base; Joplin 0 - Colorado 0 |
BOTTOM OF THE 1ST |
Colorado Avalanche batting - Pitching for Joplin Blasters : RHP Howie Seidler
|
Pitching: RHP Howie Seidler
|
|
Batting: LHB Georges Lambert
|
0-0: Ball 1-0: Swinging Strike 1-1: Swinging Strike 1-2: Ball 2-2: Foul Ball, location: 2F 2-2: Ground out 6-3 (Groundball, 6, EV 85.6 MPH)
|
Batting: LHB Paul McClintock
|
0-0: Foul Ball, location: 2F 0-1: Ball 1-1: Foul Ball, location: 2F 1-2: Strikes out looking
|
Batting: RHB Ray Insley
|
0-0: Foul Ball, location: 2F 0-1: SOLO HOME RUN (Flyball, 78XD, EV 116.3 MPH), Distance : 444 ft
|
Batting: RHB John Corfield
|
0-0: Ball 1-0: Ball 2-0: Ball 3-0: Base on Balls
|
Batting: RHB Manny Thompson
|
0-0: Ball Wild Pitch! John Corfield to second 1-0: Ground out 6-3 (Groundball, 6, EV 103.8 MPH)
|
Bottom of the 1st over - 1 run, 1 hit, 0 errors, 1 left on base; Joplin 0 - Colorado 1 |
TOP OF THE 2ND |
Joplin Blasters batting - Pitching for Colorado Avalanche : RHP Zach Sommer
|
Batting: LHB Josh Dalton
|
0-0: Called Strike 0-1: Ball 1-1: Fly out, F7 (Flyball, 7, EV 94.4 MPH)
|
Batting: RHB Adam Krieger
|
0-0: Called Strike 0-1: Foul Ball, location: 2F 0-2: Foul Ball, location: 2F 0-2: Ball 1-2: Strikes out swinging
|
Batting: RHB Justin Goff
|
0-0: Called Strike 0-1: Called Strike 0-2: Foul Ball, location: 2F 0-2: Strikes out swinging
|
Top of the 2nd over - 0 runs, 0 hits, 0 errors, 0 left on base; Joplin 0 - Colorado 1 |
BOTTOM OF THE 2ND |
Colorado Avalanche batting - Pitching for Joplin Blasters : RHP Howie Seidler
|
Batting: RHB Dan Hoffman
|
0-0: SINGLE (Line Drive, 3D, EV 99.4 MPH)
|
Batting: LHB Daniel Green
|
0-0: Ball 1-0: Called Strike 1-1: Ball 2-1: SINGLE (Flyball, 4MD, EV 85.6 MPH) Dan Hoffman to second
|
Batting: RHB Bob Hayes
|
0-0: Foul Ball, location: 2F 0-1: Grounds into double play, 4-6-3 (Groundball, 4S, EV 84.4 MPH) Dan Hoffman to third
|
Batting: SHB Clayton Saunders
|
0-0: Called Strike 0-1: Called Strike 0-2: Strikes out swinging
|
Bottom of the 2nd over - 0 runs, 2 hits, 0 errors, 1 left on base; Joplin 0 - Colorado 1 |
TOP OF THE 3RD |
Joplin Blasters batting - Pitching for Colorado Avalanche : RHP Zach Sommer
|
Batting: RHB Edwin Ramos
|
0-0: Called Strike 0-1: DOUBLE (Line Drive, 9LM, EV 103.1 MPH)
|
Batting: RHB Dave Saldana
|
0-0: Foul Ball, location: 2F 0-1: Ball 1-1: Foul Ball, location: 2F 1-2: SINGLE (Popup, 6MD, EV 53.1 MPH) Edwin Ramos to third
|
Batting: RHB Matt Belgard
|
0-0: Ball 1-0: Foul Ball, location: 2F 1-1: Foul Ball, location: 2F 1-2: SINGLE (Groundball, 56, EV 110.6 MPH) (infield hit) Edwin Ramos scores Dave Saldana to second
|
Batting: LHB David Bearden
|
0-0: Ball 1-0: DOUBLE (Line Drive, 9LS, EV 100.6 MPH) Dave Saldana scores Matt Belgard to third
|
Batting: LHB Joe Cozart
|
0-0: Foul Ball, location: 2F 0-1: Called Strike 0-2: Ball 1-2: Ground out 4-3 (Groundball, 4, EV 84.4 MPH) Matt Belgard scores David Bearden to third
|
Batting: SHB Sean Hill
|
0-0: Ball 1-0: Ball 2-0: Ball 3-0: Called Strike 3-1: Swinging Strike 3-2: Strikes out looking
|
Batting: LHB Josh Dalton
|
0-0: Swinging Strike 0-1: Called Strike 0-2: Foul Ball, location: 2F 0-2: Ball 1-2: Strikes out looking
|
Top of the 3rd over - 3 runs, 4 hits, 0 errors, 1 left on base; Joplin 3 - Colorado 1 |
BOTTOM OF THE 3RD |
Colorado Avalanche batting - Pitching for Joplin Blasters : RHP Howie Seidler
|
Batting: LHB Georges Lambert
|
0-0: Called Strike 0-1: Foul Ball, location: 2F 0-2: Ball 1-2: Strikes out swinging
|
Batting: LHB Paul McClintock
|
0-0: DOUBLE (Line Drive, 78XD, EV 100.6 MPH)
|
Batting: RHB Ray Insley
|
0-0: Ball 1-0: Ball 2-0: Called Strike 2-1: Swinging Strike 2-2: Ball 3-2: Strikes out swinging
|
Batting: RHB John Corfield
|
0-0: DOUBLE (Line Drive, 78M, EV 88.8 MPH) Paul McClintock scores
|
Batting: RHB Manny Thompson
|
0-0: Ground out 5-3 (Groundball, 15, EV 83.1 MPH)
|
Bottom of the 3rd over - 1 run, 2 hits, 0 errors, 1 left on base; Joplin 3 - Colorado 2 |
TOP OF THE 4TH |
Joplin Blasters batting - Pitching for Colorado Avalanche : RHP Zach Sommer
|
Batting: RHB Adam Krieger
|
0-0: Ball 1-0: Ball 2-0: SINGLE (Line Drive, 6D, EV 96.9 MPH)
|
Batting: RHB Justin Goff
|
0-0: Foul Ball, location: 2F 0-1: Grounds into double play, 4-6-3 (Groundball, 4, EV 101.9 MPH)
|
Batting: RHB Edwin Ramos
|
0-0: Ball 1-0: Called Strike 1-1: Fly out, F3 (Popup, 3SF, EV 65.6 MPH)
|
Top of the 4th over - 0 runs, 1 hit, 0 errors, 0 left on base; Joplin 3 - Colorado 2 |
BOTTOM OF THE 4TH |
Colorado Avalanche batting - Pitching for Joplin Blasters : RHP Howie Seidler
|
Batting: RHB Dan Hoffman
|
0-0: Ball 1-0: Ball 2-0: Swinging Strike 2-1: Ball 3-1: Base on Balls
|
Batting: LHB Daniel Green
|
0-0: Ball 1-0: Ball 2-0: Swinging Strike 2-1: Ball 3-1: Base on Balls Dan Hoffman to second
|
Batting: RHB Bob Hayes
|
0-0: Ball 1-0: Foul Ball, location: 2F 1-1: Ball 2-1: Ball 3-1: Foul Ball, location: 2F 3-2: Foul Ball, location: 2F 3-2: Foul Ball, location: 2F 3-2: SINGLE (Line Drive, 34D, EV 98.8 MPH) Dan Hoffman to third Daniel Green to second
|
Batting: SHB Clayton Saunders
|
0-0: Called Strike 0-1: Ball 1-1: Ball 2-1: Swinging Strike 2-2: Strikes out looking
|
Batting: LHB Georges Lambert
|
0-0: SINGLE (Groundball, 6MD, EV 105.6 MPH) Dan Hoffman scores Daniel Green to third Bob Hayes to second
|
Batting: LHB Paul McClintock
|
0-0: Ball 1-0: Ball 2-0: SINGLE (Groundball, 6MD, EV 101.9 MPH) Daniel Green scores Bob Hayes to third Georges Lambert to second
|
Batting: RHB Ray Insley
|
0-0: Fly out, F7 (Flyball, 7S, EV 89.4 MPH)
|
Batting: RHB John Corfield
|
0-0: Ball 1-0: Swinging Strike 1-1: Ball 2-1: Swinging Strike 2-2: Strikes out looking
|
Bottom of the 4th over - 2 runs, 3 hits, 0 errors, 3 left on base; Joplin 3 - Colorado 4 |
TOP OF THE 5TH |
Joplin Blasters batting - Pitching for Colorado Avalanche : RHP Zach Sommer
|
Batting: RHB Dave Saldana
|
0-0: Foul Ball, location: 2F 0-1: Called Strike 0-2: Ball 1-2: Ball 2-2: Ball 3-2: Base on Balls
|
Batting: RHB Matt Belgard
|
0-0: Ball 1-0: Called Strike 1-1: Ball 2-1: Ball 3-1: Called Strike 3-2: SINGLE (Flyball, 8LS, EV 92.5 MPH) Dave Saldana to second
|
Batting: LHB David Bearden
|
0-0: Ball 1-0: Ball Wild Pitch! Dave Saldana to third Matt Belgard to second 2-0: Ball 3-0: Called Strike 3-1: Foul Ball, location: 2F 3-2: Base on Balls
|
Batting: LHB Joe Cozart
|
0-0: Ball 1-0: Ball 2-0: Ball 3-0: Called Strike 3-1: Base on Balls Dave Saldana scores Matt Belgard to third David Bearden to second
|
Batting: SHB Sean Hill
|
0-0: Ball 1-0: Called Strike 1-1: Ball 2-1: Called Strike 2-2: Fly out, F7 (Flyball, 7LM, EV 96.3 MPH) Runner from 3rd tags up, SCORES, throw by LF
|
Batting: LHB Josh Dalton
|
0-0: Ball 1-0: Called Strike 1-1: Foul Ball, location: 2F 1-2: Ball 2-2: Ball 3-2: Fly out, F9 (Flyball, 9, EV 93.8 MPH)
|
Batting: RHB Adam Krieger
|
0-0: Swinging Strike 0-1: Called Strike 0-2: Ball 1-2: Foul Ball, location: 2F 1-2: Ball 2-2: Fly out, F6 (Line Drive, 6, EV 73.1 MPH)
|
Top of the 5th over - 2 runs, 1 hit, 0 errors, 2 left on base; Joplin 5 - Colorado 4 |
BOTTOM OF THE 5TH |
Colorado Avalanche batting - Pitching for Joplin Blasters : RHP Howie Seidler
|
Batting: RHB Manny Thompson
|
0-0: Ball 1-0: Ball 2-0: Foul Ball, location: 2F 2-1: Foul Ball, location: 2F 2-2: Strikes out swinging
|
Batting: RHB Dan Hoffman
|
0-0: Called Strike 0-1: Foul Ball, location: 2F 0-2: Ball 1-2: Ground out 6-3 (Groundball, 56, EV 76.9 MPH)
|
Batting: LHB Daniel Green
|
0-0: Called Strike 0-1: Ball 1-1: Foul Ball, location: 2F 1-2: Foul Ball, location: 2F 1-2: Ball 2-2: Fly out, F9 (Flyball, 9LM, EV 83.8 MPH)
|
Bottom of the 5th over - 0 runs, 0 hits, 0 errors, 0 left on base; Joplin 5 - Colorado 4 |
TOP OF THE 6TH |
Joplin Blasters batting - Pitching for Colorado Avalanche : RHP Zach Sommer
|
Batting: RHB Justin Goff
|
0-0: Called Strike 0-1: Called Strike 0-2: Ball 1-2: Foul Ball, location: 2F 1-2: DOUBLE (Groundball, 5L, EV 103.1 MPH)
|
Batting: RHB Edwin Ramos
|
0-0: Foul Ball, location: 2F 0-1: Ground out 3-1 (Groundball, 34S, EV 81.9 MPH) Justin Goff to third
|
Batting: RHB Dave Saldana
|
0-0: Called Strike 0-1: Ball 1-1: Foul Ball, location: 2F 1-2: Ball 2-2: Foul Ball, location: 2F 2-2: Foul Ball, location: 2F 2-2: SINGLE (Groundball, 56D, EV 101.9 MPH) Justin Goff scores
|
Batting: RHB Matt Belgard
|
0-0: Called Strike 0-1: Hit by Pitch Dave Saldana to second
|
Batting: LHB David Bearden
|
0-0: Swinging Strike 0-1: Ball 1-1: 3-RUN HOME RUN (Flyball, 89XD, EV 108.8 MPH), Distance : 437 ft
|
Pitching: RHP Kevin McKasson
|
|
Batting: LHB Joe Cozart
|
0-0: Foul Ball, location: 2F 0-1: Foul Ball, location: 2F 0-2: SINGLE (Groundball, 34D, EV 108.1 MPH)
|
Batting: SHB Sean Hill
|
0-0: Ball 1-0: Fly out, F8 (Flyball, 78M, EV 85.6 MPH)
|
Batting: LHB Josh Dalton
|
0-0: Fielders Choice at 2nd, 5-4 (Groundball, 56, EV 100.0 MPH)
|
Top of the 6th over - 4 runs, 4 hits, 0 errors, 1 left on base; Joplin 9 - Colorado 4 |
BOTTOM OF THE 6TH |
Colorado Avalanche batting - Pitching for Joplin Blasters : RHP Howie Seidler
|
Batting: RHB Bob Hayes
|
0-0: SINGLE (Flyball, 8RS, EV 90.6 MPH)
|
Batting: SHB Clayton Saunders
|
0-0: Swinging Strike 0-1: Ball 1-1: Called Strike 1-2: Strikes out swinging
|
Batting: LHB Georges Lambert
|
0-0: Ball 1-0: Ball 2-0: Ball 3-0: Called Strike 3-1: Foul Ball, location: 2F 3-2: Fly out, F9 (Flyball, 9, EV 88.1 MPH)
|
Batting: LHB Paul McClintock
|
0-0: Called Strike 0-1: Ball 1-1: Ball 2-1: Ball 3-1: Base on Balls Bob Hayes to second
|
Batting: RHB Ray Insley
|
0-0: Called Strike 0-1: Ball 1-1: Foul Ball, location: 2F 1-2: Ball 2-2: Fielders Choice at 2nd, 5-4 (Groundball, 56, EV 83.8 MPH)
|
Bottom of the 6th over - 0 runs, 1 hit, 0 errors, 2 left on base; Joplin 9 - Colorado 4 |
TOP OF THE 7TH |
Joplin Blasters batting - Pitching for Colorado Avalanche : RHP Kevin McKasson
|
Batting: RHB Adam Krieger
|
0-0: Called Strike 0-1: Called Strike 0-2: Ball 1-2: Ball 2-2: Ball 3-2: Ground out 6-3 (Groundball, 6, EV 89.4 MPH)
|
Batting: RHB Justin Goff
|
0-0: Called Strike 0-1: Foul Ball, location: 2F 0-2: Foul Ball, location: 2F 0-2: Ball 1-2: SINGLE (Line Drive, 7S, EV 90.0 MPH)
|
Batting: RHB Edwin Ramos
|
Balk! Justin Goff to second 0-0: Ball 1-0: Ball 2-0: Fly out, F3 (Popup, 3S, EV 71.9 MPH)
|
Batting: RHB Dave Saldana
|
0-0: Ball 1-0: Called Strike 1-1: Ball 2-1: Ball 3-1: SINGLE (Groundball, 56D, EV 101.9 MPH) Justin Goff to third Runner from 3rd tries for Home, throw by LF and OUT! 7-2
|
Top of the 7th over - 0 runs, 2 hits, 0 errors, 1 left on base; Joplin 9 - Colorado 4 |
BOTTOM OF THE 7TH |
Colorado Avalanche batting - Pitching for Joplin Blasters : RHP Howie Seidler
|
Pitching: RHP Bryan Kiefer
|
|
Batting: RHB John Corfield
|
0-0: Foul Ball, location: 2F 0-1: Called Strike 0-2: Ground out 6-3 (Groundball, 6, EV 89.4 MPH)
|
Batting: RHB Manny Thompson
|
0-0: Foul Ball, location: 2F 0-1: Hit by Pitch
|
Batting: RHB Dan Hoffman
|
0-0: Grounds into double play, 6-4-3 (Groundball, 6, EV 89.4 MPH)
|
Bottom of the 7th over - 0 runs, 0 hits, 0 errors, 0 left on base; Joplin 9 - Colorado 4 |
TOP OF THE 8TH |
Joplin Blasters batting - Pitching for Colorado Avalanche : RHP Kevin McKasson
|
Batting: RHB Matt Belgard
|
0-0: Ball 1-0: Ball 2-0: Ball 3-0: Called Strike 3-1: Base on Balls
|
Batting: LHB David Bearden
|
0-0: Ball 1-0: Ball 2-0: Foul Ball, location: 2F 2-1: 2-RUN HOME RUN (Flyball, 7LD, EV 94.4 MPH), Distance : 360 ft
|
Pinch Hitting: LHB Danny Pacheco
|
0-0: Fly out, F8 (Line Drive, 8RD, EV 91.9 MPH)
|
Pinch Hitting: RHB Kevin Wimberly
|
0-0: Ground out U3 (Groundball, 3, EV 84.4 MPH)
|
Pinch Hitting: LHB Mike Bhatti
|
0-0: Fly out, F7 (Line Drive, 7D, EV 94.4 MPH)
|
Top of the 8th over - 2 runs, 1 hit, 0 errors, 0 left on base; Joplin 11 - Colorado 4 |
BOTTOM OF THE 8TH |
Colorado Avalanche batting - Pitching for Joplin Blasters : RHP Bryan Kiefer
|
Now at 3B: Mike Bhatti
|
|
Now in LF: Nick Julien
|
|
Now in RF: Kevin Wimberly
|
|
Pinch Hitting: RHB Justin Garrett
|
0-0: Ball 1-0: Called Strike 1-1: Called Strike 1-2: Ball 2-2: Fly out, F9 (Flyball, 9, EV 90.6 MPH)
|
Batting: RHB Bob Hayes
|
0-0: Ball 1-0: Foul Ball, location: 2F 1-1: Swinging Strike 1-2: Fly out, F8 (Line Drive, 8RM, EV 97.5 MPH)
|
Batting: SHB Clayton Saunders
|
0-0: Foul Ball, location: 2F 0-1: Ball 1-1: SINGLE (Groundball, 34D, EV 111.3 MPH)
|
Batting: LHB Georges Lambert
|
0-0: Ball 1-0: Foul Ball, location: 2F 1-1: Swinging Strike 1-2: Foul Ball, location: 2F 1-2: Foul Ball, location: 2F 1-2: Ball 2-2: Foul Ball, location: 2F 2-2: Ball 3-2: Ground out 6-3 (Groundball, 6, EV 99.4 MPH)
|
Bottom of the 8th over - 0 runs, 1 hit, 0 errors, 1 left on base; Joplin 11 - Colorado 4 |
TOP OF THE 9TH |
Joplin Blasters batting - Pitching for Colorado Avalanche : RHP Kevin McKasson
|
Now at 3B: Justin Garrett
|
|
Batting: RHB Adam Krieger
|
0-0: Called Strike 0-1: Foul Ball, location: 2F 0-2: Ball 1-2: Foul Ball, location: 2F 1-2: Ball 2-2: Foul Ball, location: 2F 2-2: Ground out 6-3 (Groundball, 6, EV 105.0 MPH)
|
Pinch Hitting: RHB Chang-keun Baik
|
0-0: Ball 1-0: Ball 2-0: Foul Ball, location: 2F 2-1: Ball 3-1: Fly out, F8 (Line Drive, 8LM, EV 87.5 MPH)
|
Pinch Hitting: RHB Jason Conner
|
0-0: Fly out, F2 (Popup, 25F, EV 86.9 MPH)
|
Top of the 9th over - 0 runs, 0 hits, 0 errors, 0 left on base; Joplin 11 - Colorado 4 |
BOTTOM OF THE 9TH |
Colorado Avalanche batting - Pitching for Joplin Blasters : RHP Bryan Kiefer
|
Pitching: LHP Tyler Abraham
|
|
Now at 1B: Chance Argy
|
|
Now at 2B: Chang-keun Baik
|
|
Batting: LHB Paul McClintock
|
0-0: Foul Ball, location: 2F 0-1: Ball 1-1: Ball 2-1: Foul Ball, location: 2F 2-2: Foul Ball, location: 2F 2-2: Foul Ball, location: 2F 2-2: Strikes out swinging
|
Batting: RHB Ray Insley
|
0-0: Ball 1-0: Foul Ball, location: 2F 1-1: Swinging Strike 1-2: Ball 2-2: Foul Ball, location: 2F 2-2: Ball 3-2: Foul Ball, location: 2F 3-2: Foul Ball, location: 2F 3-2: Base on Balls
|
Batting: RHB John Corfield
|
0-0: Ball 1-0: Fly out, F8 (Flyball, 8RM, EV 87.5 MPH)
|
Pitching: RHP Gary Ackerman
|
|
Batting: RHB Manny Thompson
|
0-0: Foul Ball, location: 2F 0-1: Swinging Strike 0-2: Strikes out looking
|
Bottom of the 9th over - 0 runs, 0 hits, 0 errors, 1 left on base; Joplin 11 - Colorado 4 |
|